 Dungeon Crawl Stone Soup version 0.16.1 (webtiles) character file.

152 FedoraBrony69 the Conjurer (level 5, 0/28 HPs)
             Began as a Deep Elf Conjurer on May 9, 2015.
             Slain by an orc (1 damage)
             ... on level 3 of the Dungeon.
             The game lasted 00:04:29 (2661 turns).

FedoraBrony69 the Conjurer (Deep Elf Conjurer)      Turns: 2661, Time: 00:04:29

Health: 0/28       AC:  2    Str:  5    XL:     5   Next: 11%
Magic:  5/20       EV: 13    Int: 21    God:
Gold:   131        SH:  0    Dex: 15    Spells: 1 memorised, 14 levels left

rFire  . . .     SeeInvis .     q - +4 whip (holy)
rCold  . . .     Clarity  .     a - +0 robe
rNeg   . . .     SustAb   .     (no shield)
rPois  .         Gourm    +     (no helmet)
rElec  .         Spirit   .     (no cloak)
rCorr  .         Warding  .     (no gloves)
rMut   .         Stasis   .     (no boots)
MR     .....                    n - amulet of the gourmand
Stlth  ++........               (no ring)
                                (no ring)

@: not resistant to hostile enchantments, unstealthy
A: no striking features
a: no special abilities


You were on level 3 of the Dungeon.
You were not hungry.

You visited 1 branch of the dungeon, and saw 3 of its levels.

You collected 131 gold pieces.

Inventory:

Hand weapons
 q - a +4 whip of holy wrath (weapon)
Armour
 a - a +0 robe (worn)
Jewellery
 n - an amulet of the gourmand (around neck)
Magical devices
 e - a wand of polymorph (19)
Scrolls
 g - 2 scrolls of blinking {unknown}
 i - 4 scrolls of identify {unknown}
 j - 2 scrolls of teleportation {unknown}
 k - a scroll of random uselessness {unknown}
 o - a scroll of remove curse {unknown}
Potions
 d - 2 potions of might {unknown}
 h - a potion of haste {unknown}
 l - 4 potions of curing
 m - a potion of lignification {unknown}
 r - a potion of flight {unknown}
 s - a potion of beneficial mutation {unknown}
 t - 3 potions of heal wounds {unknown}
 u - a potion of cure mutation {unknown}
 x - 2 potions of mutation {unknown}
Books
 c - a book of Conjurations

   Spells                             Type                      Level
   a - Magic Dart                     Conjuration                  1
   b - Searing Ray                    Conjuration                  2
   c - Dazzling Spray                 Conjuration/Hexes            3
   d - Fulminant Prism                Conjuration/Hexes            4
   e - Iskenderun's Mystic Blast      Conjuration                  4
   f - Iskenderun's Battlesphere      Conjuration/Charms           5
Comestibles
 b - 2 bread rations
 f - a meat ration
 p - a fruit
 w - a beef jerky


   Skills:
 - Level 2.4 Dodging
 - Level 2.4 Stealth
 + Level 5.6 Spellcasting
 + Level 5.7 Conjurations


You had 14 spell levels left.
You knew the following spells:

 Your Spells              Type           Power        Failure   Level  Hunger
a - Magic Dart            Conj           ####         1%          1    None


Dungeon Overview and Level Annotations

Branches:
Dungeon (3/15)

Altars:


Message History

The orc priest is almost dead.
The orc priest utters an invocation to Beogh.
You feel troubled.
Casting: Magic Dart
Confirm with . or Enter, or press ? or * to list all spells.
Aiming: Magic Dart
Press: ? - help, Shift-Dir - straight line, f/p - orc priest
Aim: an orc priest, wielding a whip (almost dead)
The magic dart hits the orc priest.
You kill the orc priest!
You have reached level 5!
Casting: Magic Dart
Confirm with . or Enter, or press ? or * to list all spells.
Aiming: Magic Dart
Press: ? - help, Shift-Dir - straight line, f - orc
Aim: an orc The magic dart hits the orc.
The orc is moderately wounded.
The orc hits you.
You die...

... #####......# #.#
## .
##..........####.###.
+..[....###.##.......
##..[...# #..#.#.###.
.. #..)...#
##.#.#.###. ....
##.....># #......[#.
......##.......#
##.##.#)#.
........[......#
#..#.#.#.
#'#####...o@...#
#.#.#.#.
####........#
#.....#.
......)......#
##......
........###### #
#...... ........#
#....##.# .#######
#.#...... #...>....
###...... #....#...


You could see an orc.

Vanquished Creatures
  2 orc priests (D:3)
  Ijyb (D:2)
  An adder (D:3)
  A worm (D:3)
  An ooze (D:3)
  12 orcs
  5 hobgoblins
  3 ball pythons
  3 bats
  A giant gecko (D:1)
  2 giant newts
  4 goblins
  9 kobolds
  2 rats (D:1)
47 creatures vanquished.

Notes
Turn   | Place    | Note
--------------------------------------------------------------
     0 | D:1      | FedoraBrony69, the Deep Elf Conjurer, began the quest for the Orb.
     0 | D:1      | Reached XP level 1. HP: 10/10 MP: 5/5
   319 | D:1      | Reached XP level 2. HP: 15/15 MP: 0/8
   980 | D:2      | Noticed Ijyb
   991 | D:2      | Killed Ijyb
   991 | D:2      | Reached skill level 5 in Conjurations
   991 | D:2      | Reached XP level 3. HP: 11/19 MP: 1/12
  2124 | D:3      | Reached XP level 4. HP: 24/24 MP: 3/16
  2307 | D:3      | Reached skill level 5 in Spellcasting
  2658 | D:3      | HP: 1/24 [orc priest/divine providence (10)]
  2660 | D:3      | Reached XP level 5. HP: 1/28 MP: 5/20
  2661 | D:3      | Slain by an orc

Action                   |  1- 3 |  4- 6 || total
-------------------------+-------+-------++-------
Melee: Unarmed           |     1 |       ||     1
       Dagger            |    13 |       ||    13
       Whip              |     6 |     4 ||    10
 Cast: Magic Dart        |    79 |    53 ||   132
  Use: Potion            |     1 |       ||     1
  Eat: Chunk             |     3 |     5 ||     8
